 Dungeon Crawl Stone Soup version 0.30.1-11-g7821555f0a (webtiles) character file.

Game seed: 2330669380221121082

2408 laxxamousse the Trooper (level 9, -1/141 HPs)
             Began as a Troll Fighter on Oct 29, 2023.
             Was a Believer of Wu Jian.
             Slain by a killer bee (3 damage)
             ... on level 7 of the Dungeon.
             The game lasted 00:23:14 (5695 turns).

laxxamousse the Trooper (Troll Fighter)             Turns: 5695, Time: 00:23:14

Health: -1/141     AC: 24    Str: 23    XL:     9   Next: 23%
Magic:  8/8        EV:  1    Int: 12    God:    Wu Jian [**....]
Gold:   340        SH: 10    Dex:  8    Spells: 8/8 levels left

rFire   . .          .
                       - Unarmed
rCold   . . .        b - +2 kite shield
rNeg    . . .        a - melded +0 robe
rPois   +            (helmet currently unavailable)
rElec   .            (cloak currently unavailable)
rCorr   .            (gloves unavailable)
SInv    +            (boots unavailable)
Will    .....        (no amulet)
Stlth   +            j - ring of see invisible
HPRegen 1.23/turn    (no ring)
MPRegen 0.11/turn

%: no passive effects
@: lethally poisoned (-1 -> -1), tree-form, studying Fighting
A: stationary, stasis, torment immunity, boosted hp, large, unfitting armour,
(claws 3), regeneration 1, (shaggy fur 2), (tough skin 1), clever 1, weak 1,
inability to drink after injury 1
a: Renounce Religion, Wall Jump


You were on level 7 of the Dungeon.
You worshipped Wu Jian.
Wu Jian was pleased with you.
You were a tree.
You visited 2 branches of the dungeon, and saw 8 of its levels.

You collected 340 gold pieces.

Inventory:

Missiles
 k - 19 poisoned darts (quivered)
 t - 2 throwing nets
Armour
 a - a +0 robe (melded)
 b - a +2 kite shield (worn)
Jewellery
 e - an amulet of magic regeneration
 j - a ring of see invisible (left branch)
 s - a +6 ring of intelligence
Wands
 u - a wand of flame (20)
Scrolls
 c - 2 scrolls of enchant armour
 f - a scroll of identify
 h - 6 scrolls of teleportation {unknown}
 i - a scroll of butterflies {unknown}
 l - 3 scrolls of enchant weapon {unknown}
 p - 2 scrolls of fear {unknown}
 q - a scroll of noise {unknown}
 r - 2 scrolls of magic mapping {unknown}
Potions
 n - 3 potions of flight
 o - a potion of invisibility


   Skills:
 + Level 7.7 Fighting
 + Level 5.7 Dodging
 + Level 6.3 Shields
 + Level 6.4 Unarmed Combat


You had 8 spell levels left.
You didn't know any spells.
Your spell library contained the following spells:

 Spells                   Type           Power      Damage    Failure   Level
 Kiss of Death            Conj/Necr      0%         2d5       54%         1
 Slow                     Hex            0%         N/A       54%         1
 Confusing Touch          Hex            0%         N/A       89%         3
 Vampiric Draining        Necr           0%         2d6       89%         3
 Dispel Undead            Necr           0%         3d6       100%        4


Dungeon Overview and Level Annotations

Branches:
Dungeon (7/15)             Temple (1/1) D:4

Altars:
Ashenzari
Cheibriados
Dithmenos
Elyvilon
Fedhas
Gozag
Hepliaklqana
Kikubaaqudgha
Makhleb
Nemelex Xobeh
Okawaru
Qazlal
Ru
Sif Muna
Trog
Uskayaw
Vehumet
Wu Jian
Xom
Yredelemnul
Zin
The Shining One

Shops:
D:7 =


Innate Abilities, Weirdness & Mutations

You are a tree.
Your roots penetrate the ground, keeping you stationary.
You cannot be teleported.
You are immune to unholy pain and torment.
Your maximum health is greatly increased.
Your equipment is partially melded.
You are too large for most types of armour.
((You have claws for hands.))
Your natural rate of healing is unusually fast.
((You are covered in thick fur. (AC +2)))
((You have tough skin. (AC +1)))
Your mind is acute. (Int +4, Str/Dex -1)
You are weak. (Str -2)
You occasionally lose the ability to drink potions when taking damage.


Message History

You see here a sky beast corpse.
You feel sick. The killer bee stings you.
* * * LOW HITPOINT WARNING * * *
You are more poisoned.
The killer bee poisons you!
Items here: ††††.
Really quaff the potion of lignification?
You turn into a tree.
Your +0 robe melds into your body.
Your roots penetrate the ground.
You feel sick.
The killer bee stings you but does no damage.
You block the killer bee's attack.
You smack the killer bee!
The killer bee is heavily wounded.
You feel very sick. You block the killer bee's attack.
The killer bee stings you but does no damage.
You closely miss the killer bee.
The killer bee is heavily wounded.
You feel sick. The killer bee stings you.
* * * LOW HITPOINT WARNING * * *
You miss the killer bee.
The killer bee is heavily wounded.
You feel sick. The killer bee stings you.
* * * LOW HITPOINT WARNING * * *
The killer bee stings you but does no damage.
You smack the killer bee!
The killer bee is almost dead.
You feel sick.
The killer bee stings you but does no damage. x2
You miss the killer bee.
The killer bee is almost dead.
You feel sick.
The killer bee stings you but does no damage.
You block the killer bee's attack.
You hit the killer bee.
The killer bee is almost dead.
You feel sick.
The killer bee stings you but does no damage.
The killer bee stings you.
You die...

..#
#..........#
..#
#..........#
...#
##.........#
...#
#........##
..##
##......##
..# ##.....#
#....##
#####.# #♣##
###y# #..Y#
#...~(..#
#.....(...#
...........#
...........#
............
.......<....#


You could see a yak and a killer bee.

Vanquished Creatures
  Sigmund (D:2)
  2 yaks (D:7)
  3 sky beasts
  An ice beast (D:7)
  A black bear (D:6)
  An ogre (D:4)
  2 kobold brigands
  2 scorpions
  13 killer bees (D:7)
  3 jellies
  2 hounds
  An orc priest (D:6)
  A gnoll bouda (D:5)
  A sleepcap (D:7)
  2 iguanas (D:4)
  Terence (D:2)
  An orc wizard (D:7)
  Robin (D:3)
  4 gnolls (D:6)
  8 adders
  A white imp (D:7)
  2 ufetubi (D:5)
  2 worms
  12 orcs
  7 bats
  4 endoplasms
  2 giant cockroaches (D:1)
  12 goblins
  10 hobgoblins
  6 jackals
  3 quokkas
  6 ball pythons
  6 frilled lizards
  18 kobolds
  3 rats
145 creatures vanquished.

Notes
Turn   | Place    | Note
-------+----------+-------------------------------------------
     0 | D:1      | laxxamousse the Troll Fighter began the quest for the Orb.
     0 | D:1      | Reached XP level 1. HP: 22/22 MP: 0/0
   246 | D:1      | Reached XP level 2. HP: 29/29 MP: 1/1
   742 | D:2      | Identified a scroll of acquirement
   742 | D:2      | Acquired a manual of Fighting
   908 | D:2      | Found a faded altar of an unknown god.
  1040 | D:2      | Reached XP level 3. HP: 36/36 MP: 2/2
  1100 | D:2      | Noticed Terence
  1107 | D:2      | Killed Terence
  1108 | D:2      | Reached skill level 3 in Fighting
  1112 | D:2      | Noticed Sigmund
  1126 | D:2      | Reached XP level 4. HP: 40/45 MP: 3/3
  1140 | D:2      | Killed Sigmund
  1141 | D:2      | Reached skill level 4 in Fighting
  1141 | D:2      | Reached XP level 5. HP: 54/54 MP: 4/4
  1674 | D:3      | Noticed Robin
  1685 | D:3      | Killed Robin
  1686 | D:3      | Reached XP level 6. HP: 46/62 MP: 5/5
  2451 | D:3      | Gained mutation: You are clumsy. (Dex -2) [potion of
                  | mutation]
  2451 | D:3      | Gained mutation: Your spells are a little harder to cast,
                  | but a little more powerful. [potion of mutation]
  2451 | D:3      | Gained mutation: You occasionally shout uncontrollably at
                  | your foes. [potion of mutation]
  2451 | D:3      | Gained mutation: Your mind is acute. (Int +4, Str/Dex -1)
                  | [potion of mutation]
  2940 | D:4      | Found a staircase to the Ecumenical Temple.
  2949 | Temple   | Entered the Ecumenical Temple
  3397 | D:4      | Found a white marble altar of Elyvilon.
  3488 | D:5      | Entered Level 5 of the Dungeon
  3501 | D:5      | Reached XP level 7. HP: 39/71 MP: 6/6
  3573 | D:5      | Reached skill level 5 in Fighting
  3737 | D:5      | Lost mutation: You occasionally shout uncontrollably at
                  | your foes. [potion of mutation]
  3737 | D:5      | Lost mutation: You are clumsy. (Dex -2) [potion of
                  | mutation]
  3737 | D:5      | Lost mutation: Your spells are a little harder to cast, but
                  | a little more powerful. [potion of mutation]
  3737 | D:5      | Gained mutation: You sometimes lose your temper in combat.
                  | [potion of mutation]
  3737 | D:5      | Gained mutation: Armour fits poorly on your strangely
                  | shaped body. [potion of mutation]
  3737 | D:5      | Gained mutation: You are robust. (+10% HP) [potion of
                  | mutation]
  3765 | D:5      | Found an iron altar of Okawaru.
  3780 | D:5      | Found a snail-covered altar of Cheibriados.
  3827 | D:5      | Found a radiant altar of Vehumet.
  3895 | D:5      | Found an ornate altar of the Wu Jian Council.
  3906 | D:5      | Became a worshipper of the Wu Jian Council
  4020 | D:5      | Lost mutation: You are robust. (+10% HP) [potion of
                  | mutation]
  4020 | D:5      | Lost mutation: Armour fits poorly on your strangely shaped
                  | body. [potion of mutation]
  4020 | D:5      | Lost mutation: You sometimes lose your temper in combat.
                  | [potion of mutation]
  4020 | D:5      | Gained mutation: You are weak. (Str -2) [potion of
                  | mutation]
  4020 | D:5      | Gained mutation: You are covered in thick fur. (AC +2)
                  | [potion of mutation]
  4020 | D:5      | Gained mutation: You occasionally lose the ability to drink
                  | potions when taking damage. [potion of mutation]
  4665 | D:6      | Reached skill level 5 in Shields
  4770 | D:6      | Reached XP level 8. HP: 70/83 MP: 7/7
  4827 | D:6      | Reached skill level 6 in Fighting
  4827 | D:6      | Reached skill level 5 in Unarmed Combat
  4921 | D:6      | Reached * piety under Wu Jian
  5283 | D:7      | Found Hogic's Jewellery Shop.
  5384 | D:7      | Reached skill level 5 in Dodging
  5528 | D:7      | Reached skill level 7 in Fighting
  5657 | D:7      | Reached XP level 9. HP: 61/93 MP: 8/8
  5674 | D:7      | Reached ** piety under Wu Jian
  5691 | D:7      | HP: 4/141 [killer bee (6)]
  5695 | D:7      | Slain by a killer bee

Illustrated notes

Levels and vault maps discovered:
D:1:      nzn_arrival_crosshair, layout_loops_cross
D:2:      layout_loops_corners, nicolae_ecumenical_snake_handling, st_stairs_9,
          minmay_between, uniq_sigmund, uniq_terence
D:3:      layout_basic, uniq_robin
D:4:      layout_basic, mainiacjoe_overflow_alcove_4, minmay_temple_entry_hall
D:5:      layout_loops_ring, nicolae_overflow_quartered_altars
D:6:      layout_basic
D:7:      layout_cave_pods, serial_shops, shop
Temple:   bh_familiar_temple

Skill      XL: |  1  2  3  4  5  6  7  8 |
---------------+-------------------------+-----
Shields        | 3 4 5 6 |  6.3
Fighting       | 3 4 5 7 |  7.7
Dodging        | 3 4 5 |  5.7
Unarmed Combat | 3 4 6 |  6.4

Action                     |  1- 3 |  4- 6 |  7- 9 || total
---------------------------+-------+-------+-------++-------
  Melee: Unarmed           |    86 |   121 |   305 ||   512
  Throw: Dart              |       |       |     3 ||     3
Ability: Lunge             |       |       |    10 ||    10
         Whirlwind         |       |       |     2 ||     2
    Use: Scroll            |     3 |     4 |     1 ||     8
         Potion            |       |     2 |     8 ||    10
   Stab: Sleeping          |       |     1 |       ||     1
         Invisible         |       |       |     5 ||     5
 Armour: Robe              |    37 |    37 |    56 ||   130
         Skin              |       |       |    28 ||    28
  Dodge: Dodged            |    34 |    45 |    92 ||   171
  Block: Kite shield       |    38 |    56 |   167 ||   261
